 Dungeon Crawl Stone Soup version v3.01-hellcrawl-74-g7a863a7 (webtiles) character file.

481305 Implojin the Slayer (level 27, -15/270 HPs)
             Began as a Troll Fighter on Apr 9, 2017.
             Was an Elder of Okawaru.
             Demolished by an angel
             ... wielding a +2 sacred scourge of holy wrath
             ... summoned by a seraph
             ... created by the effects of Hell
              (29 damage)
             ... on level 4 of Cocytus on Apr 10, 2017.
             The game lasted 04:15:45 (47352 turns).

Implojin the Slayer (Troll Fighter)                Turns: 47352, Time: 04:15:45

Health: -15/270    AC: 21 (44%)Str: 36  XL:     27
Magic:  28/28      EV: 22    Int:  6    God:    Okawaru [****..]
Gold:   4336       SH: 32    Dex: 28    Spells: 17/26 levels left

rFire    + + +     SeeInvis +     - Unarmed
rCold    + + +     Faith    .   Q - +2 large shield {AC+3} {god gift}
rNeg     + . .     Spirit   .   C - +1 gold dragon scales
rPois    +         Reflect  +   a - +0 hat "Lasyled" {rPois rCorr Dex+8}
rElec    +         Rnd*Rage +   y - +0 cloak "Niufam" {god gift, rPois Int+2 Dex+3 Stlth+}
rCorr    +                      (gloves unavailable)
MR       ++++.                  (boots unavailable)
Stlth    ..........             o - amulet of Evvar {Reflect *Corrode MR++ SH+6}
Regen    1.0/turn               M - ring of Beplyuti {rF+ rN+ Str+4 Int+3}
MPRegen  0.3/turn               K - ring "Acuprikk" {rElec rF+ rC+++ Int-4 SInv}

@: about to teleport, corroded, very slightly contaminated, hasted, glowing,
very quick
A: unfitting armour, claws 3, repulsion field 1, berserk 1, frail 1,
regeneration 1, shaggy fur, tough skin 2, evolution
0: Orb of Zot
}: 8/15 runes: barnacled, slimy, silver, demonic, glowing, magical, fiery, dark
a: Heroism, Renounce Religion


You were on level 4 of Cocytus.
You worshipped Okawaru.
Okawaru was greatly pleased with you.
You were not hungry.

You visited 9 branches of the dungeon, and saw 40 of its levels.
You visited Pandemonium 1 time, and saw 5 of its levels.
You also visited: Ossuary and Volcano.

You collected 7104 gold pieces.
You spent 2768 gold pieces at shops.

Inventory:

Hand Weapons
 b - the +9 whip of Patterns {antimagic, rF+++ Str+3 Dex+4 Stlth-}
   (You found it on level 2 of the Realm of Zot)

   It reduces the magical energy of the wielder, and disrupts the spells and
   magical abilities of those hit.
   Natural abilities and divine invocations are not affected.
   It affects your strength (+3).
   It affects your dexterity (+4).
   It renders you almost immune to fire.
   It makes you less stealthy.
Missiles
 t - 24 curare darts
 L - 838 large rocks (quivered) {god gift}
Armour
 a - the +0 hat "Lasyled" (worn) {rPois rCorr Dex+8}
   (You acquired it on level 2 of the Orcish Mines)

   It affects your dexterity (+8).
   It protects you from poison.
   It protects you from acid and corrosion.
 f - the +4 shield of Tunes {god gift, rC+}
   (Okawaru gifted it to you on level 1 of the Pits of Slime)

   It protects you from cold.
 v - the +0 shield of the Solstice {god gift, rC++ Stlth-}
   (Okawaru gifted it to you on level 3 of the Depths)

   It greatly protects you from cold.
   It makes you less stealthy.
 y - the +0 cloak "Niufam" (worn) {god gift, rPois Int+2 Dex+3 Stlth+}
   (Okawaru gifted it to you on level 1 of the Depths)

   It affects your intelligence (+2).
   It affects your dexterity (+3).
   It protects you from poison.
   It makes you more stealthy.
 C - +1 gold dragon scales (worn)
 H - a +1 large shield of fire resistance
   (You took it off a daeva in Pandemonium)
 I - the +1 cloak of Parts Unknown {+Blink rC- rCorr Slay+4}
   (You found it on level 3 of the Vaults)

   It affects your accuracy and damage with ranged weapons and melee attacks
   (+4).
   It makes you vulnerable to cold.
   It lets you blink.
   It protects you from acid and corrosion.
 Q - a +2 large shield of protection (worn) {god gift}
   (Okawaru gifted it to you on level 2 of the Vaults)
 R - the +0 shield "Bohaul" {rElec rC+ rN+ MP-9}
   (You found it on level 8 of the Dungeon)

   It protects you from cold.
   It insulates you from electricity.
   It protects you from negative energy.
   It affects your magic capacity (-9).
 Y - +1 fire dragon scales
Magical Staves
 X - an uncursed staff of air
Jewellery
 o - the amulet of Evvar (around neck) {Reflect *Corrode MR++ SH+6}
   (You took it off an efreet in Pandemonium)

   [amulet of reflection]

   It shields you and reflects attacks.
   It affects your resistance to hostile enchantments.
   It may corrode you when you take damage.
   It affects your SH (+6).
 w - the ring of Insomnia {rElec MR++ AC+3 Dex-4 Stlth+}
   (You found it on level 3 of the Shoals)

   [ring of protection]

   It affects your AC (+3).
   It affects your dexterity (-4).
   It insulates you from electricity.
   It affects your resistance to hostile enchantments.
   It makes you more stealthy.
 A - a +6 ring of protection
   (You took it off a tengu reaver on level 3 of the Vaults)
 B - an uncursed ring of wizardry
   (You found it on level 12 of the Dungeon)
 F - the ring of the Ancients {rPois Str+6 Stlth-}
   (You found it in Pandemonium)

   [ring of poison resistance]

   It affects your strength (+6).
   It protects you from poison.
   It makes you less stealthy.
 K - the ring "Acuprikk" (right claw) {rElec rF+ rC+++ Int-4 SInv}
   (You found it on level 4 of the Pits of Slime)

   [ring of see invisible]

   It affects your intelligence (-4).
   It protects you from fire.
   It renders you almost immune to cold.
   It insulates you from electricity.
   It lets you see invisible.
 M - the ring of Beplyuti (left claw) {rF+ rN+ Str+4 Int+3}
   (You found it on level 3 of the Shoals)

   [ring of intelligence]

   It affects your strength (+4).
   It affects your intelligence (+3).
   It protects you from fire.
   It protects you from negative energy.
 T - an uncursed amulet of regeneration
   (You took it off an orc knight on level 3 of the Vaults)
 Z - a +3 ring of intelligence
   (You found it on level 2 of the Realm of Zot)
Wands
 m - a wand of clouds (4)
Scrolls
 e - a scroll of holy word
 g - 2 scrolls of vulnerability
 h - 3 scrolls of teleportation
 l - a scroll of silence
 u - 2 scrolls of blinking
 U - 2 scrolls of torment
 W - 2 scrolls of magic mapping
Potions
 d - 11 potions of lignification
 i - a potion of brilliance
 k - 8 potions of curing
 n - 4 potions of agility
 p - 3 potions of flight
 q - 4 potions of invisibility
 s - a potion of cancellation
 z - 5 potions of berserk rage
 J - 3 potions of ambrosia
 N - a potion of magic
 O - 2 potions of might
Miscellaneous
 j - 2 sacks of spiders
 r - a disc of storms
 x - a fan of gales (inert)
 D - 2 boxes of beasts
 G - a phantom mirror


   Skills:
 - Level 22.1 Fighting
 - Level 9.1 Throwing
 - Level 18.0 Armour
 * Level 18.1 Dodging
 - Level 9.6 Stealth
 - Level 15.0 Shields
 - Level 22.0 Unarmed Combat
 - Level 8.0 Invocations


You had 17 spell levels left.
You knew the following spells:

 Your Spells              Type           Power        Failure   Level  Hunger
a - Controlled Blink      Tloc           N/A          100%        8    #######
b - Apportation           Tloc           0 (1000)     100%        1    ##.....


Dungeon Overview and Level Annotations

Branches:
Dungeon (15/15) Shoals (3/3) Orc:2 Slime (4/4) Orc:2 Vaults:3 Orc (2/2) D:15 Vaults (3/3) D:15 Shoals:3 Depths (3/3) D:15 Slime:4 Vaults:3 Hell (1/1) Coc (4/7) Hell Zot (5/5) Depths:3 Snake: Orc:2 Spider: Orc:2 Dis: Hell:1 Geh: Hell:1 Tar: Hell:1

Altars:
Cheibriados
Dithmenos
Elyvilon
Gozag
Hepliaklqana
Kikubaaqudgha
Makhleb
Nemelex Xobeh
Okawaru
Qazlal
Ru
Sif Muna
Trog
Uskayaw
Vehumet
Xom
Yredelemnul
Zin
The Shining One
Jiyva

Shops:
D:4 *   Orc:2 ?*[(=   Shoals:1 (   Vaults:2 *?*   Vaults:3 (

Portals:
Hell: Zot:5
Pandemonium: Depths:3

Annotations:
Hell Geryon


Innate Abilities, Weirdness & Mutations

You are too large for most types of armour.
You have claws for hands.
Your natural rate of healing is unusually fast.
You are covered in thick fur. (AC +4)
You have very tough skin. (AC +2)
You are surrounded by a mild repulsion field. (EV +2)
You tend to lose your temper in combat.
You are frail. (-10% HP)
You evolve.


Message History

You block the angel's attack. The angel hits you but does no damage.
The skeletal warrior is lost in a daze.
Unknown command.
Unknown command.
The shadow demon is lost in a daze.
Your seraph hits the skeletal warrior with a +5 great sword of flaming (31)!!
Your seraph burns the skeletal warrior (3).
The skeletal warrior is destroyed!
Okawaru accepts your kill.
The sixfirhy is lost in a daze.
The seraph gestures.
The seraph begins to accept its allies' injuries.
Unknown command.
Your seraph shimmers and vanishes!
The sixfirhy is lost in a daze. x2
The cherub unwields a +0 long sword of flaming.
It stops flaming.
The cherub wields a +0 fustibalus.
The cherub shoots a stone.
You reflect the stone off an invisible shield around you!
The stone barely misses the cherub (0).
The daeva calls down the wrath of the Shining One upon you.
The Shining One smites you (10)!
* * * LOW HITPOINT WARNING * * *
The seraph gestures.
You block the angel's attack. x2
A dire elephant skeleton comes into view.
Unknown command.
Your extra speed is starting to run out.
The daeva dissolves into sparkling lights!
The angel dissolves into sparkling lights! x2
The cherub dissolves into sparkling lights! x2
The seraph gestures.
The seraph begins to accept its allies' injuries.
The cherub sings a powerful hymn!
The angels go into a battle-frenzy!
The seraph shouts a warning to its allies!
Unknown command.
The angel no longer looks unusually strong.
The sixfirhy is no longer dazed.
The cherub sings a powerful hymn!
The angel goes into a battle-frenzy!
Ysmidiv blinks!
The skeletal warrior is lost in a daze.
You block the angel's attack. The angel hits you but does no damage.
Unknown command.
Unknown command.
Your surroundings seem slightly different.
Unknown command.
Unknown command.
Enter note: :wonderful!
You feel as though your hastened speed will last longer.
The seraph gestures.
The seraph begins to accept its allies' injuries.
You block Ysmidiv's attack.
The daeva calls down the wrath of the Shining One upon you.
The Shining One smites you (13)!
* * * LOW HITPOINT WARNING * * *
Unknown command.
Unknown command.
As you read the scroll of teleportation, it crumbles to dust.
You feel strangely unstable.
You feel the Orb delaying your translocation!
The smoke demon gestures at you. Something smites you (11)!
* * * LOW HITPOINT WARNING * * *
Ysmidiv blinks!
The Orb Guardian hits you but does no damage.
Unknown command.
Unknown command.
The seraph no longer looks unusually strong.
You block the dire elephant skeleton's attack.
Unknown command.
Unknown command.
The ice encasing you melts away.
The cherub no longer looks unusually strong.
The daeva no longer looks unusually strong.
The seraph gestures.
The seraph begins to accept its allies' injuries.
You block the angel's attack. x2
The angel hits you with a +2 sacred scourge of holy wrath (8)!
* * * LOW HITPOINT WARNING * * *
The angel hits you with a +2 sacred scourge of holy wrath (7)!
* * * LOW HITPOINT WARNING * * *
The cherub sings a powerful hymn!
The angels go into a battle-frenzy!
Ysmidiv is lost in a daze.
You block the dire elephant skeleton's attack.
The reaper is lost in a daze.
The skeletal warrior is lost in a daze.
Unknown command.
Okay, then.
Unknown command.
Unknown command.
Unknown command.
Okay, then.
Okay, then.
Okay, then.
Unknown command.
Okay, then.
As you read the scroll of fog, it crumbles to dust.
The scroll dissolves into smoke.
You block the angel's attack. x2
The angel hits you with a +2 sacred scourge of holy wrath (29)!!
You die...

≈≈≈..≈#
#≈..≈#≈≈..≈##≈.≈≈≈
....≈##
#≈..≈##≈≈.≈#≈≈.≈# ≈...≈
#≈.≈##≈≈≈4≈≈≈.≈≈# ≈≈..
####≈.≈≈≈≈≈≈..≈..≈≈# ≈
....
#≈≈≈≈.≈≈≈≈≈3.....≈≈###≈≈
....
≈≈≈≈≈.≈≈≈3.....)≈≈≈#≈≈≈.
....
≈≈≈≈.z≈≈≈AZ6....≈≈≈≈≈..Z
≈≈....§Zs...AA4.≈≈32Z...
......§@AX.A.3......≈≈..
.....§§§AWAX....2.≈≈≈≈≈.
........XE.2≈≈z.≈≈≈≈≈≈≈.
.........3...≈...≈≈≈≈≈..
....≈≈≈≈≈.&........≈....
...≈≈###≈≈≈..≈≈≈≈≈≈.....
..≈## ###≈.≈≈####≈≈.≈..
.≈# #≈≈≈## #≈.≈≈. ##≈≈#
#≈≈≈


You could see a seraph, Ysmidiv (dazed), a tentacled monstrosity, 2 daevas, 2
angels, 2 Orb Guardians, 2 cherubim, 2 skeletal warriors, 2 soul eaters, a
demonic crawler, a gelid demonspawn, an orange demon, an ice devil, a freezing
wraith, a water elemental, a sixfirhy, a smoke demon, a shadow dragon zombie and
a dire elephant skeleton.

Vanquished Creatures
  Cerebov (Pan)
  the Royal Jelly (Slime:4)
  Gloorx Vloq (Pan)
  A seraph (Pan)
  Lom Lobon (Pan)
  Mnoleg (Pan)
  4 orbs of fire (Zot:5)
  Mennas (Depths:3)
  5 Killer Klowns
  Sojobo (Vaults:2)
  8 ancient liches (Zot:5)
  Frederick (Depths:3)
  6 cool robins
  2 curse toes
  8 acid robins
  3 THE GIAGGOSTUONOs
  2 antimatter elves (Zot:5)
  A pandemonium lord (Coc:4)
  2 pearl dragons (Pan)
  7 golden dragons
  3 giant giants
  A bone dragon (Depths:3)
  A Shadow Fiend (Hell)
  3 Brimstone Fiends
  3 electric golems (Zot:5)
  7 zotbots
  A lich (Vaults:3)
  2 hellephants
  13 ghost robins
  31 Orb Guardians
  3 quicksilver dragons
  5 subtractor snakes
  24 acid blobs
  4 titans
  Murray (Hell)
  7 Orb Childs
  2 iron trolls
  12 Executioners
  2 tentacled monstrosities
  2 ancient champions
  6 tengu reavers
  3 storm dragons (Vaults:3)
  16 death cobs
  5 plutonium crabs
  8 shadow dragons
  Ilsuiw (Shoals:3)
  Roxanne (Shoals:2)
  12 daevas (Pan)
  12 azure jellies
  6 fire giants
  14 frost giants
  14 vault wardens
  7 cacodemons
  5 ghost moths
  6 balrugs (Pan)
  3 orc warlords
  A deep elf sorcerer (Depths:2)
  A warmonger (Pan)
  14 angels (Pan)
  5 curse skulls
  7 reapers
  6 mutatatotots
  3 revenants
  12 ophanim (Pan)
  11 stone giants
  3 deep elf demonologists
  2 war gargoyles
  12 very ugly things
  19 apis (Pan)
  10 ironheart preservers
  A lorocyproca (Pan)
  A vampire knight (Depths:1)
  5 deep elf annihilators
  4 dire elephants (Zot:2)
  5 merfolk javelineers (Shoals:3)
  3 blizzard demons
  5 death oozes
  11 ettins
  4 fire dragons
  A crystal guardian (Vaults:2)
  13 yaktaur captains
  6 merfolk impalers
  3 green deaths
  7 great orbs of eyes
  A deep elf high priest (Vaults:3)
  28 vault guards
  2 ice dragons
  7 rakshasas (Pan)
  Harold (D:12)
  2 eidola
  A quicksilver dragon skeleton (Pan)
  6 centaur warriors
  6 ogre magi
  4 hydras
  16 two-headed ogres
  2 alligators (D:12)
  A vampire mage (Depths:1)
  5 merfolk aquamancers
  3 alligator snapping turtles (Shoals:3)
  5 deep troll earth magi
  8 deep troll shamans
  4 hell hogs (Hell)
  A dancing weapon (Vaults:3)
  7 orc high priests
  A storm dragon zombie (Hell)
  5 sun demons (Pan)
  10 soul eaters
  3 deep elf knights
  Urug (D:15)
  A hell knight (Vaults:3)
  A golden dragon zombie (Depths:1)
  6 shadow wraiths
  13 skeletal warriors
  3 anaconda zombies
  3 sixfirhies (Pan)
  8 cherubim (Pan)
  7 glowing orange brains
  16 sea snakes
  18 wizards
  2 gelid demonspawn (Pan)
  A putrid demonspawn (Pan)
  16 deep trolls
  5 unseen horrors
  2 shadow dragon zombies
  3 deep elf archers
  A sphinx zombie (Depths:1)
  Pikel (D:5)
  3 phantasmal warriors (Vaults:3)
  14 orc knights
  9 ironbrand convokers
  2 necromancers
  3 anaconda skeletons
  12 harpies
  17 ugly things
  19 deep elf magi
  2 lindwurms (D:12)
  A tengu skeleton (Depths:1)
  2 wolf spider zombies
  29 zotlings
  7 orc sorcerers
  2 fire giant zombies (Coc:4)
  A hornet (shapeshifter) (D:12)
  4 shining eyes
  A moth of wrath (shapeshifter) (D:15)
  12 fauns
  A shadow dragon skeleton (Coc:3)
  4 cyclopes
  8 large abominations (Pan)
  11 manticores
  12 sirens
  A titan simulacrum (Hell)
  A fire giant skeleton (Coc:3)
  24 moths of wrath
  An iron dragon skeleton (Hell)
  15 vault sentinels
  An eye of devastation (Slime:3)
  A rust devil (Hell)
  Psyche (D:11)
  2 torpor snails (D:13)
  3 black mambas
  Joseph (D:8)
  An eye of devastation (shapeshifter) (D:15)
  2 spiny frogs
  12 smoke demons
  4 orange demons
  2 water nymphs (Shoals:3)
  2 gargoyles
  4 efreet (Pan)
  2 hellions (Pan)
  A yaktaur (shapeshifter) (Vaults:3)
  4 tormentors
  2 rime drakes
  23 yaktaurs
  10 hellwings
  2 freezing wraiths
  7 demonic crawlers
  3 hydra zombies (Hell)
  12 trolls
  3 meliai (D:15)
  5 wind drakes
  10 ice devils
  3 tyrant leeches (D:12)
  24 merfolk
  A wind drake (shapeshifter) (Vaults:1)
  A slime creature (shapeshifter) (Vaults:3)
  A meliai zombie (D:11)
  113 slime creatures
  7 snapping turtles
  3 alligator zombies
  2 hydra skeletons (Hell)
  7 blink frogs
  An ice dragon zombie (Coc:4)
  A spriggan (shapeshifter) (Vaults:2)
  A deep troll skeleton (Depths:1)
  A spriggan simulacrum (Depths:1)
  2 wraiths
  2 ettin skeletons (Coc:4)
  A yak (shapeshifter) (D:15)
  A shadow (D:13)
  4 wyverns
  5 ynoxinuls
  6 water elementals
  14 yaks
  An angry ghost (D:11)
  A hog (Volcano)
  14 humans
  A human (shapeshifter) (Vaults:3)
  4 chaos spawn
  4 fire bats
  Grum (D:11)
  A basilisk (D:12)
  A golden eye (shapeshifter) (Vaults:3)
  8 golden eyes
  A hog (shapeshifter) (Vaults:3)
  10 neqoxecs (Pan)
  7 wargs
  An acid dragon (D:13)
  6 water moccasins
  2 hell hounds (Hell)
  3 spiny frog zombies
  Purgy (D:3)
  41 orc warriors
  3 spiny frog skeletons
  8 ice beasts
  3 wasps
  4 eyes of draining
  32 ogres
  4 slaves (D:5)
  2 blink frog zombies (D:11)
  5 boggarts (D:15)
  2 wolves (D:11)
  25 centaurs
  A snapping turtle skeleton (Coc:3)
  An elf zombie (Ossuary)
  Blork the orc (D:5)
  2 rime drake skeletons
  3 wyvern zombies
  An elf skeleton (Coc:4)
  2 wyvern skeletons
  4 killer bees (D:9)
  5 crimson imps
  3 electric eels (D:11)
  2 vampire bats (D:12)
  A bullfrog zombie (D:5)
  8 centaur zombies
  A quasit (Coc:4)
  4 hounds
  8 jellies
  15 orc priests
  7 centaur skeletons
  5 iron imps
  A human zombie (Ossuary)
  16 orc wizards
  A worker ant (D:4)
  A killer bee zombie (D:10)
  7 iguanas
  2 big kobold zombies (Ossuary)
  A hound skeleton (D:4)
  2 mummies (Ossuary)
  12 gnolls
  14 adders
  6 shadow imps
  2 white imps (Hell)
  An ufetubus (Coc:3)
  2 oozes
  An adder skeleton (D:4)
  2 ball lightnings (Pan)
  8 dart slugs
  81 orcs
  6 quokkas
  4 ball pythons
  14 bats
  5 giant cockroaches
  16 goblins
  4 hobgoblins
  5 jackals
  9 kobolds
  14 frilled lizards
  A goblin zombie (Ossuary)
  9 hobgoblin zombies (Ossuary)
  A jackal skeleton (D:5)
  3 jackal zombies
  13 kobold zombies (Ossuary)
  4 orc zombies (Ossuary)
  8 rats
  A rat zombie (Ossuary)
  A fire vortex (Pan)
  A fungus (D:15)
1803 creatures vanquished.

Vanquished Creatures (collateral kills)
  A skeletal warrior (Coc:4)
  A cherub (Coc:4)
  A neqoxec (Pan)
  A spiny frog skeleton (Coc:4)
  A quasit (Coc:4)
5 creatures vanquished.

Vanquished Creatures (others)
  A pandemonium lord (Hell)
  An eldritch tentacle (Pan)
  A frost giant (Depths:2)
  A deep elf annihilator (Pan)
  A deep troll shaman (Depths:1)
  A rust devil (Hell)
  An orange demon (Hell)
  An iguana (D:5)
  An ufetubus (Hell)
  18 ball lightnings (Pan)
  An orc (D:5)
  A block of ice (Pan)
  25 bushes (D:15)
  A fire vortex (Pan)
  12 fungi
  3 plants
70 creatures vanquished.

Grand Total: 1878 creatures vanquished

Notes
Turn   | Place    | Note
-------+----------+-------------------------------------------
     0 | D:1      | Implojin the Troll Fighter began the quest for the Orb.
     0 | D:1      | Reached XP level 1. HP: 22/22 MP: 0/0
   209 | D:1      | Reached XP level 2. HP: 29/29 MP: 1/1
   214 | D:1      | Reached skill level 3 in Unarmed Combat
   618 | D:2      | Reached XP level 3. HP: 32/36 MP: 2/2
   676 | D:2      | Found a hazy altar of Hepliaklqana.
   722 | D:2      | Reached skill level 4 in Unarmed Combat
   774 | D:2      | Found an iron altar of Okawaru.
   782 | D:2      | Became a worshipper of Warmaster Okawaru
   786 | D:2      | Reached XP level 4. HP: 41/44 MP: 3/3
   879 | D:2      | Found a shimmering altar of Xom.
  1053 | D:3      | Reached skill level 5 in Unarmed Combat
  1104 | D:3      | Noticed Purgy
  1117 | D:3      | Killed Purgy
  1117 | D:3      | Reached * piety under Okawaru
  1117 | D:3      | Reached skill level 6 in Unarmed Combat
  1117 | D:3      | Reached XP level 5. HP: 41/50 MP: 4/4
  1130 | D:3      | Found a white marble altar of Elyvilon.
  1204 | D:3      | Found a shadowy altar of Dithmenos.
  1307 | D:3      | Found a deep blue altar of Sif Muna.
  1358 | D:3      | Found a basalt altar of Yredelemnul.
  1508 | D:3      | Reached XP level 6. HP: 56/59 MP: 5/5
  1974 | D:4      | Reached skill level 7 in Unarmed Combat
  2017 | D:4      | Found a burning altar of Makhleb.
  2047 | D:4      | Reached skill level 3 in Fighting
  2109 | D:4      | Found a sand-covered staircase.
  2118 | Ossuary  | Entered an ossuary
  2238 | Ossuary  | Reached XP level 7. HP: 61/67 MP: 6/6
  2272 | Ossuary  | Reached ** piety under Okawaru
  2272 | Ossuary  | Reached skill level 4 in Fighting
  2551 | D:4      | Reached skill level 5 in Fighting
  2655 | D:4      | Found Zin's Purification Station.
  2656 | D:4      | Found a glowing silver altar of Zin.
  3051 | D:5      | Entered Level 5 of the Dungeon
  3080 | D:5      | Noticed Pikel
  3151 | D:5      | Reached skill level 6 in Fighting
  3151 | D:5      | Reached XP level 8. HP: 83/83 MP: 7/7
  3154 | D:5      | Killed Pikel
  3154 | D:5      | Reached *** piety under Okawaru
  3154 | D:5      | Reached skill level 7 in Fighting
  3295 | D:5      | Noticed Blork the orc
  3301 | D:5      | Killed Blork the orc
  3330 | D:5      | Found a glowing golden altar of the Shining One.
  3517 | D:5      | Reached skill level 8 in Fighting
  3668 | D:5      | Found an opulent altar of Gozag.
  3716 | D:6      | Found a snail-covered altar of Cheibriados.
  3811 | D:6      | Found a bloodstained altar of Trog.
  3907 | D:6      | Reached XP level 9. HP: 90/97 MP: 8/8
  3920 | D:6      | Reached **** piety under Okawaru
  4311 | D:7      | Reached skill level 9 in Fighting
  4551 | D:7      | Found a stormy altar of Qazlal.
  4558 | D:7      | Found a shadowy altar of Dithmenos.
  4584 | D:7      | Found a sparkling altar of Nemelex Xobeh.
  4585 | D:7      | Found a radiant altar of Vehumet.
  4621 | D:7      | Found a sacrificial altar of Ru.
  4765 | D:7      | Found an ancient bone altar of Kikubaaqudgha.
  4839 | D:7      | Reached skill level 8 in Unarmed Combat
  5062 | D:7      | Found a hide-covered altar of Uskayaw.
  5230 | D:8      | Received a gift from Okawaru
  5240 | D:8      | Found a bloodstained altar of Trog.
  5257 | D:8      | Got the ring of Joy {+Blink MP+9 Str+3}
  5460 | D:8      | Noticed Joseph
  5474 | D:8      | Killed Joseph
  5474 | D:8      | Reached skill level 9 in Unarmed Combat
  5686 | D:8      | Got the +0 shield "Bohaul" {rElec rC+ rN+ MP-9}
  5746 | D:9      | Found a runed door.
  5749 | D:9      | Noticed a rime drake
  5749 | D:9      | Noticed a troll
  5761 | D:9      | Killed a rime drake
  5761 | D:9      | Reached skill level 10 in Unarmed Combat
  5768 | D:9      | Killed a troll
  5768 | D:9      | Reached skill level 1 in Invocations
  5768 | D:9      | Reached XP level 10. HP: 78/107 MP: 6/10
  5770 | D:9      | Reached skill level 2 in Invocations
  5816 | D:9      | Reached skill level 3 in Invocations
  5818 | D:9      | Reached ***** piety under Okawaru
  5821 | D:9      | Reached skill level 4 in Invocations
  5982 | D:9      | Received a gift from Okawaru
  5982 | D:9      | Reached skill level 5 in Invocations
  5983 | D:9      | Got the +6 rapier of the Dead {god gift, pierce, +Rage rElec MR++}
  6068 | D:9      | Reached skill level 6 in Invocations
  6295 | D:10     | Entered Level 10 of the Dungeon
  6437 | D:10     | Noticed a black mamba
  6444 | D:10     | Killed a black mamba
  6444 | D:10     | Reached skill level 7 in Invocations
  6566 | D:10     | Reached skill level 8 in Invocations
  6668 | D:10     | Reached skill level 3 in Shields
  6751 | D:10     | Reached XP level 11. HP: 114/115 MP: 16/16
  7012 | D:10     | Reached skill level 4 in Shields
  7080 | D:10     | Reached skill level 3 in Dodging
  7213 | D:11     | Noticed an orc high priest
  7249 | D:11     | Noticed Psyche
  7256 | D:11     | Reached skill level 4 in Dodging
  7264 | D:11     | Noticed an orc sorcerer
  7269 | D:11     | Killed Psyche
  7279 | D:11     | Killed an orc high priest
  7279 | D:11     | Reached skill level 5 in Dodging
  7295 | D:11     | Killed an orc sorcerer
  7295 | D:11     | Reached skill level 6 in Dodging
  7405 | D:11     | Noticed Grum
  7420 | D:11     | Killed Grum
  7439 | D:11     | Noticed a two-headed ogre
  7449 | D:11     | Killed a two-headed ogre
  7455 | D:11     | Reached skill level 7 in Dodging
  7532 | D:11     | Received a gift from Okawaru
  7559 | D:11     | Got the Almanac of the Enthralling Escort
  7635 | D:11     | HP: 25/115 [troll (7)]
  7745 | D:11     | Reached skill level 8 in Dodging
  8231 | D:12     | Paralysed by a hornet for 3 turns
  8240 | D:12     | Reached skill level 11 in Unarmed Combat
  8240 | D:12     | Reached XP level 12. HP: 51/123 MP: 5/17
  8241 | D:12     | HP: 44/184 [poisoned by a hornet]
  8246 | D:12     | HP: 29/184 [poisoned by a hornet]
  8251 | D:12     | HP: 20/184 [poisoned by a hornet]
  8256 | D:12     | HP: 15/184 [poisoned by a hornet]
  8261 | D:12     | HP: 12/184 [poisoned by a hornet]
  8266 | D:12     | HP: 9/123 [poisoned by a hornet]
  8271 | D:12     | HP: 10/123 [poisoned by a hornet]
  8276 | D:12     | HP: 14/123 [poisoned by a hornet]
  8282 | D:12     | HP: 18/123 [poisoned by a hornet]
  8289 | D:12     | HP: 24/123 [poisoned by a hornet]
  8444 | D:12     | Noticed an alligator
  8459 | D:12     | Killed an alligator
  8470 | D:12     | Noticed an alligator
  8481 | D:12     | Killed an alligator
  8614 | D:12     | Reached skill level 12 in Unarmed Combat
  8857 | D:12     | Reached skill level 13 in Unarmed Combat
  8949 | D:12     | Noticed an orc high priest
  8962 | D:12     | Killed an orc high priest
  9156 | D:12     | Noticed Harold
  9162 | D:12     | Killed Harold
  9162 | D:12     | Reached skill level 14 in Unarmed Combat
  9289 | D:12     | Received a gift from Okawaru
  9350 | D:12     | Noticed a two-headed ogre
  9356 | D:12     | Killed a two-headed ogre
  9563 | D:13     | Noticed a two-headed ogre
  9571 | D:13     | Killed a two-headed ogre
  9571 | D:13     | Reached XP level 13. HP: 127/131 MP: 9/18
  9781 | D:13     | Reached skill level 15 in Unarmed Combat
  9833 | D:13     | Received a gift from Okawaru
  9956 | D:13     | Reached skill level 10 in Fighting
 10393 | D:14     | Received a gift from Okawaru
 10443 | D:14     | HP: 31/135 [five-headed hydra (10)]
 10707 | D:14     | Found a dark tunnel.
 10775 | Volcano  | Entered a volcano
 10808 | Volcano  | Reached skill level 11 in Fighting
 11270 | D:15     | Entered Level 15 of the Dungeon
 11270 | D:15     | Found a gate to the Vaults.
 11270 | D:15     | Noticed Urug
 11293 | D:15     | Killed Urug
 11363 | D:15     | Reached skill level 12 in Fighting
 11471 | D:15     | Reached XP level 14. HP: 149/149 MP: 10/19
 11494 | D:15     | Found a staircase to the Orcish Mines.
 11504 | D:15     | Found an ancient bone altar of Kikubaaqudgha.
 12238 | D:15     | Reached skill level 13 in Fighting
 12429 | D:15     | Received a gift from Okawaru
 12552 | D:15     | Found a staircase to the Depths.
 12888 | Orc:1    | Entered Level 1 of the Orcish Mines
 12948 | Orc:1    | HP: 32/153 [warg[an orc knight] (9)]
 12953 | Orc:1    | HP: 23/153 [orc warrior/+0 glaive (4)]
 13270 | Orc:1    | Noticed a stone giant
 13282 | Orc:1    | Killed a stone giant
 13569 | Orc:2    | Entered Level 2 of the Orcish Mines
 13631 | Orc:2    | Found a staircase to the Shoals.
 13751 | Orc:2    | Reached skill level 14 in Fighting
 13771 | Orc:2    | Found Kazalup's Antique Weapon Boutique.
 13851 | Orc:2    | Gained mutation: Scrolls take you a little longer to read. [a neqoxec]
 13863 | Orc:2    | HP: 33/156 [orange demon[an orc high priest] (8)]
 14036 | Orc:2    | Lost mutation: Scrolls take you a little longer to read. [potion of mutation]
 14036 | Orc:2    | Gained mutation: You occasionally shout uncontrollably at your foes. [potion of mutation]
 14036 | Orc:2    | Gained mutation: You have a pair of small horns on your head. [potion of mutation]
 14036 | Orc:2    | Gained mutation: You are agile. (Dex +5) [potion of mutation]
 14036 | Orc:2    | Gained mutation: You have a beak for a mouth. [potion of mutation]
 14060 | Orc:2    | Noticed an orc warlord
 14158 | Orc:2    | Found Weesoc's General Store.
 14207 | Orc:2    | Killed an orc warlord
 14207 | Orc:2    | Received a gift from Okawaru
 14246 | Orc:2    | Found Jaehirot's Magic Scroll Boutique.
 14456 | Orc:2    | Found Osodeij's Antique Armour Boutique.
 14590 | Orc:2    | Found Qiutig's Jewellery Shoppe.
 14679 | Orc:2    | Found a staircase to the Slime Pits.
 14790 | Orc:2    | Bought a scroll of enchant weapon for 82 gold pieces
 14790 | Orc:2    | Bought a scroll of fear for 38 gold pieces
 14790 | Orc:2    | Bought a scroll of acquirement for 572 gold pieces
 14790 | Orc:2    | Bought a scroll of teleportation for 33 gold pieces
 14790 | Orc:2    | Bought a scroll of magic mapping for 38 gold pieces
 14790 | Orc:2    | Bought 2 scrolls of fog for 44 gold pieces
 14790 | Orc:2    | Bought a scroll of blinking for 82 gold pieces
 14790 | Orc:2    | Bought a scroll of fog for 22 gold pieces
 14790 | Orc:2    | Bought a scroll of teleportation for 33 gold pieces
 14790 | Orc:2    | Bought a scroll of fear for 38 gold pieces
 14807 | Orc:2    | Got the +0 hat "Lasyled" {rPois rCorr Dex+8}
 14903 | Shoals:1 | Entered Level 1 of the Shoals
 14944 | Shoals:1 | Reached XP level 15. HP: 88/165 MP: 9/20
 14962 | Shoals:1 | Reached skill level 15 in Fighting
 15166 | Shoals:1 | Got the Catalogue of Feathers and the Rocks
 15430 | Shoals:1 | Found Ojeupn's Weapon Boutique.
 15458 | Shoals:1 | Reached skill level 9 in Dodging
 15757 | Shoals:2 | Noticed Roxanne
 15769 | Shoals:2 | Killed Roxanne
 15889 | Shoals:2 | Reached skill level 10 in Dodging
 16231 | Shoals:2 | Received a gift from Okawaru
 16359 | Shoals:2 | Got the Tome of Dislocation
 16557 | Shoals:3 | Entered Level 3 of the Shoals
 16612 | Shoals:3 | Noticed Ilsuiw
 16634 | Shoals:3 | HP: 30/167 [alligator snapping turtle (44)]
 16641 | Shoals:3 | HP: 15/167 [alligator snapping turtle (18)]
 16646 | Shoals:3 | Reached skill level 11 in Dodging
 16671 | Shoals:3 | Killed Ilsuiw
 16916 | Shoals:3 | Got the ring of Insomnia {rElec MR++ AC+3 Dex-4 Stlth+}
 17215 | Shoals:3 | Got the ring of Beplyuti {rF+ rN+ Str+4 Int+3}
 17406 | Shoals:3 | Reached skill level 12 in Dodging
 17543 | Shoals:3 | Reached skill level 1 in Armour
 17558 | Shoals:3 | Got the Grimoire of the Oath
 17713 | Shoals:3 | Reached XP level 16. HP: 176/176 MP: 10/21
 17725 | Shoals:3 | Found a gate to the Vaults.
 17728 | Shoals:3 | Reached skill level 2 in Armour
 17742 | Shoals:3 | Reached skill level 3 in Armour
 17869 | Shoals:3 | Reached skill level 4 in Armour
 18013 | Shoals:3 | Got a barnacled rune of Zot
 18174 | Shoals:3 | Reached skill level 5 in Armour
 18194 | Shoals:3 | HP: 39/176 [merfolk/+0 trident (10)]
 18222 | Shoals:3 | HP: 42/176 [merfolk impaler/+0 trident (12)]
 18232 | Shoals:3 | HP: 42/176 [merfolk impaler/+0 trident (6)]
 18647 | Vaults:1 | Entered Level 1 of the Vaults
 18685 | Vaults:1 | Reached skill level 6 in Armour
 19367 | Vaults:1 | Received a gift from Okawaru
 19375 | Vaults:1 | Reached skill level 16 in Unarmed Combat
 20111 | Vaults:2 | Found Yseriozu's Magic Scroll Emporium.
 20642 | Vaults:2 | Reached skill level 17 in Unarmed Combat
 20822 | Vaults:2 | Found Fangik's Assorted Antiques.
 20886 | Vaults:2 | Received a gift from Okawaru
 20931 | Vaults:2 | Reached XP level 17. HP: 77/184 MP: 10/22
 21331 | Vaults:2 | Noticed Sojobo
 21357 | Vaults:2 | HP: 41/184 [air elemental[Sojobo] (7)]
 21360 | Vaults:2 | Killed Sojobo
 21367 | Vaults:2 | HP: 31/184 [yaktaur/bolt[a vault warden] (6)]
 21378 | Vaults:2 | Reached skill level 18 in Unarmed Combat
 21560 | Vaults:2 | Found Joqokaj's General Store.
 22140 | Vaults:2 | Bought a scroll of teleportation for 60 gold pieces
 22140 | Vaults:2 | Bought a scroll of blinking for 150 gold pieces
 22140 | Vaults:2 | Bought a scroll of fear for 70 gold pieces
 22140 | Vaults:2 | Bought a potion of curing for 60 gold pieces
 22153 | Vaults:2 | Bought a scroll of magic mapping for 80 gold pieces
 22153 | Vaults:2 | Bought 3 scrolls of teleportation for 207 gold pieces
 22153 | Vaults:2 | Bought a scroll of magic mapping for 80 gold pieces
 22153 | Vaults:2 | Bought a scroll of silence for 172 gold pieces
 22153 | Vaults:2 | Bought a scroll of magic mapping for 80 gold pieces
 22153 | Vaults:2 | Bought a scroll of blinking for 172 gold pieces
 22153 | Vaults:2 | Bought a scroll of magic mapping for 80 gold pieces
 22153 | Vaults:2 | Bought a scroll of blinking for 172 gold pieces
 22169 | Vaults:2 | Bought a scroll of teleportation for 81 gold pieces
 22169 | Vaults:2 | Bought a scroll of teleportation for 81 gold pieces
 22169 | Vaults:2 | Bought a potion of lignification for 81 gold pieces
 22197 | Vaults:2 | Bought a potion of mutation for 160 gold pieces
 22304 | Vaults:3 | Entered Level 3 of the Vaults
 22304 | Vaults:3 | Found a staircase to the Depths.
 22304 | Vaults:3 | Found a staircase to the Slime Pits.
 22361 | Vaults:3 | Reached skill level 19 in Unarmed Combat
 22388 | Vaults:3 | HP: 46/184 [vault warden/+0 glaive (16)]
 22423 | Vaults:3 | HP: 38/184 [frost giant/+0 battleaxe of freezing (10)]
 22452 | Vaults:3 | Received a gift from Okawaru
 22579 | Vaults:3 | Received a gift from Okawaru
 22586 | Vaults:3 | HP: 44/184 [brown very ugly thing (16)]
 22590 | Vaults:3 | Reached skill level 20 in Unarmed Combat
 22590 | Vaults:3 | Reached XP level 18. HP: 43/193 MP: 8/23
 22591 | Vaults:3 | HP: 41/193 [frost giant/bolt of cold (3)]
 22624 | Vaults:3 | Received a gift from Okawaru
 22876 | Vaults:3 | HP: 48/193 [stone giant (33)]
 22882 | Vaults:3 | HP: 26/193 [frost giant/+0 battleaxe of freezing (10)]
 23107 | Vaults:3 | Noticed a lich
 23121 | Vaults:3 | Killed a lich
 23128 | Vaults:3 | HP: 48/193 [frost giant/bolt of cold (52)]
 23350 | Vaults:3 | Got a silver rune of Zot
 23363 | Vaults:3 | Reached skill level 21 in Unarmed Combat
 23606 | Vaults:3 | HP: 41/193 [yaktaur captain/bolt (40)]
 23631 | Vaults:3 | HP: 45/195 [vault warden/bolt (22)]
 23636 | Vaults:3 | HP: 24/196 [vault warden/bolt (24)]
 23651 | Vaults:3 | HP: 41/196 [vault guard/+0 war axe[a vault warden] (7)]
 23919 | Vaults:3 | Reached skill level 16 in Fighting
 23969 | Vaults:3 | Reached skill level 5 in Shields
 24099 | Vaults:3 | Got the +1 cloak of Parts Unknown {+Blink rC- rCorr Slay+4}
 24293 | Vaults:3 | Reached skill level 6 in Shields
 24306 | Vaults:3 | Reached XP level 19. HP: 135/204 MP: 15/24
 24585 | Vaults:3 | Reached skill level 7 in Shields
 24785 | Vaults:3 | Reached skill level 8 in Shields
 25129 | Vaults:3 | Found Cimoqekh's Weapon Emporium.
 25138 | Vaults:3 | Got the Papyrus of Assistive Cold
 25200 | Slime:1  | Entered Level 1 of the Pits of Slime
 25210 | Slime:1  | Received a gift from Okawaru
 25219 | Slime:1  | HP: 40/204 [azure jelly (35)]
 25224 | Slime:1  | HP: 45/204 [acid blob/splash of acid (1)]
 25229 | Slime:1  | HP: 40/204 [acid (2)]
 25236 | Slime:1  | HP: 42/204 [slime creature (4)]
 25298 | Slime:1  | Reached skill level 9 in Shields
 25466 | Slime:1  | Got the +4 shield of Tunes {god gift, rC+}
 25894 | Slime:2  | Reached skill level 17 in Fighting
 26358 | Slime:3  | Gained mutation: You have sharp toenails. [a shining eye]
 26452 | Slime:3  | Gained mutation: You are frail. (-10% HP) [a shining eye]
 26458 | Slime:3  | Lost mutation: You are frail. (-10% HP) [potion of mutation]
 26458 | Slime:3  | Lost mutation: You are agile. (Dex +5) [potion of mutation]
 26458 | Slime:3  | Lost mutation: You occasionally shout uncontrollably at your foes. [potion of mutation]
 26458 | Slime:3  | Lost mutation: You have a beak for a mouth. [potion of mutation]
 26458 | Slime:3  | Lost mutation: You have sharp toenails. [potion of mutation]
 26458 | Slime:3  | Gained mutation: Your body sometimes deteriorates upon taking damage. [potion of mutation]
 26458 | Slime:3  | Gained mutation: You are weak. (Str -5) [potion of mutation]
 26458 | Slime:3  | Gained mutation: You are agile. (Dex +5) [potion of mutation]
 26458 | Slime:3  | Gained mutation: You have a pair of horns on your head. [potion of mutation]
 26541 | Slime:3  | Reached skill level 18 in Fighting
 27391 | Slime:4  | Entered Level 4 of the Pits of Slime
 27393 | Slime:4  | :i guess nuking it is best option with no upstairs
 27410 | Slime:4  | Reached XP level 20. HP: 208/223 MP: 22/25
 27426 | Slime:4  | Reached skill level 19 in Fighting
 27434 | Slime:4  | Noticed the Royal Jelly
 27507 | Slime:4  | Received a gift from Okawaru
 27701 | Slime:4  | Found a staircase to the Depths.
 27701 | Slime:4  | Found a viscous altar of Jiyva.
 27752 | Slime:4  | Killed the Royal Jelly
 27803 | Slime:4  | Got a slimy rune of Zot
 27988 | Slime:4  | Got the ring "Acuprikk" {rElec rF+ rC+++ Int-4 SInv}
 28199 | Slime:4  | Reached skill level 7 in Armour
 28351 | Depths:1 | Entered Level 1 of the Depths
 28358 | Depths:1 | Found a runed door.
 28400 | Depths:1 | Reached skill level 8 in Armour
 28403 | Depths:1 | HP: 51/228 [iron troll (36)]
 28636 | Depths:1 | Reached skill level 9 in Armour
 28834 | Depths:1 | Reached skill level 10 in Armour
 28924 | Depths:1 | Found a glowing golden altar of the Shining One.
 29046 | Depths:1 | Reached skill level 11 in Armour
 29650 | Depths:1 | Reached skill level 12 in Armour
 29675 | Depths:1 | Received a gift from Okawaru
 29690 | Depths:1 | Got the +0 cloak "Niufam" {god gift, rPois Int+2 Dex+3 Stlth+}
 29728 | Depths:1 | Found a burning altar of Makhleb.
 30166 | Depths:2 | Reached skill level 13 in Armour
 30179 | Depths:2 | Reached skill level 1 in Stealth
 30193 | Depths:2 | Reached XP level 21. HP: 236/236 MP: 26/26
 30201 | Depths:2 | Reached skill level 2 in Stealth
 30361 | Depths:2 | Reached skill level 3 in Stealth
 30877 | Depths:3 | Entered Level 3 of the Depths
 30895 | Depths:3 | Reached skill level 4 in Stealth
 30924 | Depths:3 | Reached skill level 5 in Stealth
 30980 | Depths:3 | Noticed Frederick
 31012 | Depths:3 | Killed Frederick
 31016 | Depths:3 | Reached skill level 6 in Stealth
 31120 | Depths:3 | Noticed Mennas
 31140 | Depths:3 | Killed Mennas
 31140 | Depths:3 | Reached skill level 7 in Stealth
 31181 | Depths:3 | Reached skill level 8 in Stealth
 31223 | Depths:3 | Received a gift from Okawaru
 31287 | Depths:3 | Reached skill level 9 in Stealth
 31311 | Depths:3 | Found a gate to the Realm of Zot.
 31311 | Depths:3 | Noticed a golden dragon
 31333 | Depths:3 | Killed a golden dragon
 31344 | Depths:3 | Received a gift from Okawaru
 31355 | Depths:3 | Got the +0 shield of the Solstice {god gift, rC++ Stlth-}
 31448 | Depths:3 | Found a one-way gate leading to the halls of Pandemonium.
 31687 | Pan      | Entered the realm of Mnoleg.
 31687 | Pan      | Entered Pandemonium
 32050 | Pan      | Lost intelligence.
 32057 | Pan      | Lost mutation: You are agile. (Dex +5) [a cacodemon]
 32058 | Pan      | Gained mutation: You have a pair of large horns on your head. [a cacodemon]
 32059 | Pan      | Gained mutation: You are weak. (Str -5) [a cacodemon]
 32060 | Pan      | Gained mutation: You are frail. (-10% HP) [a cacodemon]
 32069 | Pan      | Lost mutation: You have a pair of large horns on your head. [potion of mutation]
 32069 | Pan      | Lost mutation: You are frail. (-10% HP) [potion of mutation]
 32069 | Pan      | Gained mutation: Your magical capacity is low. (-10% MP) [potion of mutation]
 32069 | Pan      | Gained mutation: You are agile. (Dex +5) [potion of mutation]
 32088 | Pan      | Gained mutation: You tend to lose your temper in combat. [a cacodemon]
 32098 | Pan      | Lost mutation: You are weak. (Str -5) [potion of mutation]
 32098 | Pan      | Lost mutation: You are weak. (Str -5) [potion of mutation]
 32098 | Pan      | Lost mutation: Your body sometimes deteriorates upon taking damage. [potion of mutation]
 32098 | Pan      | Lost mutation: Your magical capacity is low. (-10% MP) [potion of mutation]
 32098 | Pan      | Lost mutation: You have a pair of horns on your head. [potion of mutation]
 32098 | Pan      | Lost mutation: You have a pair of small horns on your head. [potion of mutation]
 32098 | Pan      | Gained mutation: You are robust. (+10% HP) [potion of mutation]
 32098 | Pan      | Gained mutation: Your flesh is cold resistant. (rC+) [potion of mutation]
 32098 | Pan      | Gained mutation: You are surrounded by a mild repulsion field. (EV +2) [potion of mutation]
 32179 | Pan      | Noticed Mnoleg
 32186 | Pan      | Lost mutation: You are agile. (Dex +5) [a neqoxec]
 32205 | Pan      | Gained mutation: Your magical capacity is low. (-10% MP) [Mnoleg's mutagenic touch]
 32207 | Pan      | Gained mutation: You expend magic power (3 MP) to strengthen your wands. [a neqoxec]
 32218 | Pan      | Lost intelligence.
 32220 | Pan      | Gained mutation: You often lose your temper in combat. [Mnoleg's mutagenic touch]
 32228 | Pan      | HP: 52/259 [Mnoleg (13)]
 32228 | Pan      | Gained mutation: Your magical capacity is very low. (-20% MP) [Mnoleg's mutagenic touch]
 32228 | Pan      | HP: 17/259 [large abomination[Mnoleg] (20)]
 32229 | Pan      | hahaha
 32233 | Pan      | HP: 11/388 [tentacled monstrosity[Mnoleg] (11)]
 32238 | Pan      | HP: 16/259 [tentacled monstrosity[Mnoleg] (1)]
 32246 | Pan      | Gained mutation: Your magical capacity is extremely low. (-30% MP) [a neqoxec]
 32247 | Pan      | HP: 27/259 [tentacled monstrosity[Mnoleg] (6)]
 32254 | Pan      | HP: 20/259 [tentacled monstrosity[Mnoleg] (14)]
 32522 | Pan      | Gained mutation: You are clumsy. (Dex -5) [a neqoxec]
 32523 | Pan      | :<
 32646 | Pan      | Paralysed by a floating eye for 3 turns
 32655 | Pan      | Killed Mnoleg
 32655 | Pan      | Reached skill level 10 in Shields
 32675 | Pan      | Got a glowing rune of Zot
 32803 | Pan      | Entered the realm of Cerebov.
 32905 | Pan      | Reached skill level 1 in Throwing
 32916 | Pan      | Reached skill level 2 in Throwing
 32924 | Pan      | :at least i cant get any more slow
 33383 | Pan      | Reached skill level 3 in Throwing
 33602 | Pan      | Got the amulet of Evvar {Reflect *Corrode MR++ SH+6}
 33734 | Pan      | Got the ring of the Ancients {rPois Str+6 Stlth-}
 33768 | Pan      | Got the Grimoire of Frigorific Darkness
 33813 | Pan      | Reached skill level 4 in Throwing
 33825 | Pan      | Noticed Cerebov
 33854 | Pan      | Reached XP level 22. HP: 269/269 MP: 18/18
 33926 | Pan      | Killed Cerebov
 33926 | Pan      | Reached skill level 7 in Throwing
 33941 | Pan      | Received a gift from Okawaru
 34264 | Pan      | Got a fiery rune of Zot
 34354 | Pan      | Entered the realm of Lom Lobon.
 34910 | Pan      | Reached skill level 20 in Fighting
 35045 | Pan      | :giant giant
 35045 | Pan      | :thanks hellcrawl
 35065 | Pan      | Received a gift from Okawaru
 35203 | Pan      | Noticed Lom Lobon
 35843 | Pan      | HP: 50/271 [Lom Lobon/great icy blast (40)]
 36107 | Pan      | :well
 36219 | Pan      | Got a magical rune of Zot
 36234 | Pan      | Killed Lom Lobon
 36234 | Pan      | Reached skill level 8 in Throwing
 36448 | Pan      | :total waste of resources
 36451 | Pan      | Entered the realm of Gloorx Vloq.
 36476 | Pan      | Reached skill level 9 in Throwing
 36928 | Pan      | Received a gift from Okawaru
 37180 | Pan      | Received a gift from Okawaru
 37334 | Pan      | Noticed Gloorx Vloq
 37645 | Pan      | Got a dark rune of Zot
 37667 | Pan      | Killed Gloorx Vloq
 37667 | Pan      | Reached skill level 21 in Fighting
 37667 | Pan      | Reached XP level 23. HP: 249/281 MP: 8/19
 37987 | Pan      | Upgraded the game from v3.01-hellcrawl-49-g287a20f to v3.01-hellcrawl-74-g7a863a7
 38015 | Pan      | Received a gift from Okawaru
 39046 | Pan      | Found a glowing silver altar of Zin.
 39401 | Pan      | Noticed a seraph
 39433 | Pan      | Killed a seraph
 39433 | Pan      | Reached skill level 22 in Fighting
 39525 | Pan      | Found a glowing golden altar of the Shining One.
 39552 | Pan      | Got a demonic rune of Zot
 39554 | Pan      | Got the Compendium of Unstable Companions
 39696 | Pan      | :oops
 39847 | Pan      | Learned a level 8 spell: Controlled Blink
 40203 | Pan      | Found a white marble altar of Elyvilon.
 40403 | Pan      | :PDA didnt generate this go round :<
 40405 | Depths:3 | Escaped Pandemonium
 40429 | Zot:1    | Entered Level 1 of the Realm of Zot
 40625 | Zot:1    | Lost mutation: You expend magic power (3 MP) to strengthen your wands. [potion of mutation]
 40625 | Zot:1    | Lost mutation: You are robust. (+10% HP) [potion of mutation]
 40625 | Zot:1    | Lost mutation: You are clumsy. (Dex -5) [potion of mutation]
 40625 | Zot:1    | Lost mutation: Your magical capacity is extremely low. (-30% MP) [potion of mutation]
 40625 | Zot:1    | Lost mutation: Your flesh is cold resistant. (rC+) [potion of mutation]
 40625 | Zot:1    | Lost mutation: Your magical capacity is very low. (-20% MP) [potion of mutation]
 40625 | Zot:1    | Gained mutation: Your mind is acute. (Int +5) [potion of mutation]
 40625 | Zot:1    | Gained mutation: Your flesh is heat resistant. (rF+) [potion of mutation]
 40914 | Zot:1    | Reached skill level 22 in Unarmed Combat
 41021 | Zot:1    | Received a gift from Okawaru
 41021 | Zot:1    | Reached XP level 24. HP: 252/268 MP: 25/25
 41290 | Zot:1    | HP: 48/268 [??? (36)]
 41291 | Zot:1    | Reached skill level 11 in Shields
 42005 | Zot:2    | Reached skill level 12 in Shields
 42044 | Zot:2    | Gained mutation: Your spells are a little easier to cast, but a little less powerful. [mutagenic glow]
 42090 | Zot:2    | Gained mutation: Armour fits poorly on your strangely shaped body. [mutagenic glow]
 42126 | Zot:2    | Gained mutation: You expend magic power (3 MP) to strengthen your wands. [mutagenic glow]
 42177 | Zot:2    | Noticed a Killer Klown
 42177 | Zot:2    | Noticed a Killer Klown
 42190 | Zot:2    | Killed a Killer Klown
 42194 | Zot:2    | Noticed a Killer Klown
 42206 | Zot:2    | Killed a Killer Klown
 42206 | Zot:2    | Reached skill level 13 in Shields
 42222 | Zot:2    | Killed a Killer Klown
 42274 | Zot:2    | Got the +9 whip of Patterns {antimagic, rF+++ Str+3 Dex+4 Stlth-}
 42610 | Zot:2    | Reached skill level 14 in Shields
 43159 | Zot:3    | Received a gift from Okawaru
 43213 | Zot:3    | Received a gift from Okawaru
 43213 | Zot:3    | Reached skill level 15 in Shields
 43450 | Zot:3    | Reached XP level 25. HP: 251/277 MP: 25/25
 43788 | Zot:3    | Lost mutation: Your spells are a little easier to cast, but a little less powerful. [mutagenic glow]
 43844 | Zot:3    | Gained mutation: Scrolls take you a little longer to read. [mutagenic glow]
 44271 | Zot:3    | Lost mutation: You expend magic power (3 MP) to strengthen your wands. [potion of mutation]
 44271 | Zot:3    | Lost mutation: Armour fits poorly on your strangely shaped body. [potion of mutation]
 44271 | Zot:3    | Gained mutation: You are clumsy. (Dex -5) [potion of mutation]
 44271 | Zot:3    | Lost mutation: Your mind is acute. (Int +5) [potion of mutation]
 44271 | Zot:3    | Lost mutation: You are clumsy. (Dex -5) [potion of mutation]
 44359 | Zot:4    | Reached skill level 14 in Armour
 44379 | Zot:4    | Learned a level 1 spell: Apportation
 44395 | Zot:4    | Noticed a cool robin
 44399 | Zot:4    | Killed a cool robin
 44449 | Zot:4    | :why did i autoexclude ghost robin
 44449 | Zot:4    | :probably something in my rc
 44610 | Zot:4    | Lost intelligence.
 44666 | Zot:4    | Reached skill level 15 in Armour
 44896 | Zot:4    | Noticed a cool robin
 44898 | Zot:4    | Noticed a cool robin
 44900 | Zot:4    | Noticed a cool robin
 44907 | Zot:4    | Killed a cool robin
 44911 | Zot:4    | Killed a cool robin
 44916 | Zot:4    | Killed a cool robin
 44916 | Zot:4    | Received a gift from Okawaru
 44938 | Zot:4    | Noticed a cool robin
 44946 | Zot:4    | Killed a cool robin
 45054 | Zot:5    | Entered Level 5 of the Realm of Zot
 45110 | Zot:5    | Received a gift from Okawaru
 45111 | Zot:5    | Reached skill level 16 in Armour
 45126 | Zot:5    | HP: 77/415 [??? (60)]
 45450 | Zot:5    | Received a gift from Okawaru
 45842 | Zot:5    | Noticed an ancient lich
 45847 | Zot:5    | Killed an ancient lich
 45847 | Zot:5    | Received a gift from Okawaru
 45850 | Zot:5    | Reached skill level 17 in Armour
 45864 | Zot:5    | Noticed an ancient lich
 45873 | Zot:5    | Killed an ancient lich
 45873 | Zot:5    | Received a gift from Okawaru
 45882 | Zot:5    | Reached XP level 26. HP: 261/286 MP: 25/25
 45883 | Zot:5    | Noticed a Killer Klown
 45903 | Zot:5    | Noticed an orb of fire
 45904 | Zot:5    | Gained mutation: You are robust. (+10% HP) [mutagenic glow]
 45913 | Zot:5    | Killed an orb of fire
 45934 | Zot:5    | Noticed an ancient lich
 45944 | Zot:5    | Killed a Killer Klown
 45950 | Zot:5    | Killed an ancient lich
 46001 | Zot:5    | Reached skill level 18 in Armour
 46008 | Zot:5    | Noticed an ancient lich
 46020 | Zot:5    | Killed an ancient lich
 46020 | Zot:5    | Received a gift from Okawaru
 46096 | Zot:5    | Reached skill level 13 in Dodging
 46139 | Zot:5    | Found a gateway to Hell.
 46143 | Zot:5    | Noticed an ancient lich
 46169 | Zot:5    | Killed an ancient lich
 46173 | Zot:5    | Reached skill level 14 in Dodging
 46193 | Zot:5    | Noticed an orb of fire
 46206 | Zot:5    | Lost mutation: You are robust. (+10% HP) [an orb of fire]
 46212 | Zot:5    | Killed an orb of fire
 46243 | Zot:5    | Noticed an orb of fire
 46259 | Zot:5    | Killed an orb of fire
 46261 | Zot:5    | Noticed an ancient lich
 46275 | Zot:5    | Killed an ancient lich
 46308 | Zot:5    | Noticed an ancient lich
 46309 | Zot:5    | Noticed an ancient lich
 46317 | Zot:5    | Killed an ancient lich
 46322 | Zot:5    | Killed an ancient lich
 46322 | Zot:5    | Reached skill level 15 in Dodging
 46344 | Zot:5    | Noticed a Killer Klown
 46350 | Zot:5    | Killed a Killer Klown
 46367 | Zot:5    | Noticed an orb of fire
 46373 | Zot:5    | Gained mutation: You are weak. (Str -5) [an orb of fire]
 46376 | Zot:5    | Gained mutation: You are clumsy. (Dex -5) [an orb of fire]
 46379 | Zot:5    | Killed an orb of fire
 46499 | Zot:5    | Got the Orb of Zot
 46503 | Hell     | Entered the Vestibule of Hell
 46503 | Hell     | Noticed Geryon
 46505 | Hell     | Noticed Murray
 46532 | Hell     | Reached XP level 27. HP: 273/295 MP: 25/25
 46552 | Hell     | Received a gift from Okawaru
 46552 | Hell     | Reached skill level 16 in Dodging
 46581 | Hell     | Killed Murray
 46887 | Hell     | Found a gateway to the freezing wastes of Cocytus.
 46926 | Hell     | Received a gift from Okawaru
 46940 | Hell     | Reached skill level 17 in Dodging
 46941 | Hell     | Noticed Lethref the pandemonium lord
 46961 | Hell     | Killed Lethref the pandemonium lord
 47004 | Coc:1    | Entered Level 1 of Cocytus
 47004 | Coc:1    | Found a gateway to Hell.
 47247 | Coc:4    | Noticed Usonnywiges the pandemonium lord
 47255 | Coc:4    | Killed Usonnywiges the pandemonium lord
 47282 | Coc:4    | Reached skill level 18 in Dodging
 47291 | Coc:4    | HP: 69/295 [cool robin (7)]
 47296 | Coc:4    | HP: 64/300 [Orb Child/flash freeze (18)]
 47298 | Coc:4    | HP: 20/300 [cool robin/shard of ice (40)]
 47316 | Coc:4    | HP: 50/300 [something/ball of steam (4)]
 47332 | Coc:4    | HP: 48/300 [something (13)]
 47333 | Coc:4    | Noticed a seraph
 47333 | Coc:4    | Lost mutation: Your flesh is heat resistant. (rF+) [potion of mutation]
 47333 | Coc:4    | Lost mutation: Your magical capacity is low. (-10% MP) [potion of mutation]
 47333 | Coc:4    | Lost mutation: You are clumsy. (Dex -5) [potion of mutation]
 47333 | Coc:4    | Gained mutation: Your skin blends seamlessly with your surroundings (Stealth+++). [potion of mutation]
 47333 | Coc:4    | Gained mutation: Your spells are a little harder to cast, but a little more powerful. [potion of mutation]
 47334 | Coc:4    | Lost mutation: You are weak. (Str -5) [potion of mutation]
 47334 | Coc:4    | Lost mutation: Scrolls take you a little longer to read. [potion of mutation]
 47334 | Coc:4    | Lost mutation: Your skin blends seamlessly with your surroundings (Stealth+++). [potion of mutation]
 47334 | Coc:4    | Lost mutation: Your spells are a little harder to cast, but a little more powerful. [potion of mutation]
 47334 | Coc:4    | Gained mutation: You evolve. [potion of mutation]
 47334 | Coc:4    | Gained mutation: You are frail. (-10% HP) [potion of mutation]
 47334 | Coc:4    | Lost mutation: You often lose your temper in combat. [potion of mutation]
 47335 | Coc:4    | Noticed Ysmidiv the pandemonium lord
 47344 | Coc:4    | HP: 47/270 [daeva/divine providence[the effects of Hell] (10)]
 47348 | Coc:4    | :wonderful!
 47349 | Coc:4    | HP: 27/270 [smoke demon/divine providence (11)]
 47352 | Coc:4    | Demolished by an angel

Skill      XL: |  1  2  3  4  5  6  7  8  9 10 11 12 13 14 15 16 17 18 19 20 21 22 23 24 25 26 27 |
---------------+----------------------------------------------------------------------------------+-----
Unarmed Combat | 3 4 6 7 10 11 14 15 17 20 21 22 | 22.0
Fighting       | 3 6 8 9 12 14 15 16 18 19 21 22 | 22.1
Invocations    | 1 8 |  8.0
Shields        | 3 4 6 9 10 15 | 15.0
Dodging        | 8 12 15 18 | 18.1
Armour         | 1 6 13 17 18 | 18.0
Stealth        | 1 9 |  9.6
Throwing       | 4 9 |  9.1

Action                   |  1- 3 |  4- 6 |  7- 9 | 10-12 | 13-15 | 16-18 | 19-21 | 22-24 | 25-27 || total
-------------------------+-------+-------+-------+-------+-------+-------+-------+-------+-------++-------
Melee: Unarmed           |   106 |   165 |   331 |   577 |  1106 |   943 |  1361 |  1337 |   982 ||  6908
       Demon blade       |       |       |       |       |    19 |       |       |       |       ||    19
       Peck              |       |       |       |       |   167 |   331 |   118 |       |       ||   616
       Headbutt          |       |       |       |       |   163 |   316 |   460 |       |       ||   939
       Kick              |       |       |       |       |       |       |    45 |       |       ||    45
Throw: Poisoned dart     |       |     3 |       |     3 |       |       |       |       |       ||     6
       Large rock        |       |       |       |     2 |     8 |     4 |    17 |    47 |     1 ||    79
       Curare dart       |       |       |       |       |       |     1 |       |       |       ||     1
Invok: Heroism           |       |       |     2 |    12 |    32 |    28 |    37 |    34 |    27 ||   172
       Finesse           |       |       |       |       |     2 |     2 |     6 |       |     4 ||    14
Evoke: Wand              |       |     2 |       |       |       |       |       |       |       ||     2
       Phantom mirror    |       |       |       |       |       |       |     2 |       |     1 ||     3
       Box of beasts     |       |       |       |       |       |       |     1 |       |       ||     1
       Fan of gales      |       |       |       |       |       |       |       |       |     1 ||     1
  Use: Potion            |       |       |     1 |     2 |     7 |    17 |    22 |     9 |     8 ||    66
       Scroll            |       |       |       |     2 |    11 |     8 |    22 |    12 |     6 ||    61
 Stab: Sleeping          |       |       |     2 |       |       |       |     6 |       |       ||     8
       Distracted        |       |       |     1 |       |       |       |     2 |     2 |     1 ||     6
       Fleeing           |       |       |       |       |     1 |       |       |       |       ||     1
Armor: Robe              |    50 |    41 |    66 |    25 |       |       |       |       |       ||   182
       Skin              |       |       |    13 |     2 |       |       |       |    12 |       ||    27
       Troll leather arm |       |       |       |    66 |    18 |       |       |       |       ||    84
       Acid dragon scale |       |       |       |       |   159 |    47 |       |       |       ||   206
       Fire dragon scale |       |       |       |       |       |   114 |   292 |    30 |       ||   436
       Gold dragon scale |       |       |       |       |       |       |       |   303 |   186 ||   489
Dodge: Dodged            |    26 |    40 |    65 |   250 |   694 |   380 |   416 |   293 |   219 ||  2383
Block: Shield            |    44 |    55 |   142 |   267 |   612 |   396 |   521 |    58 |       ||  2095
       Large shield      |       |       |       |       |       |       |   209 |  1303 |  1022 ||  2534
       Reflection        |       |       |       |       |       |       |     1 |    16 |    15 ||    32

Vault maps used:
D:1:      minmay_arrival_nine_rooms, minmay_fountain_box
D:2:      xom_teletrap_fun, okawaru_ov_weapons_minmay, lemuel_crystal_altar
D:3:      minmay_wonky_spiral, led_sif_pool, lemuel_doored_altar,
          marbit_many_paths, elyvilon_altar_3, grunt_ministairs_4, uniq_purgy
D:4:      zin_purify, demons_altar, nicolae_ossuary_entry_monument,
          gup_sewer_entry_spiral
D:5:      tso_oasis_becter, nicolae_gozag_cash_rules_everything_around_me,
          kennysheep_pointless_box, uniq_pikel, uniq_blork_the_orc
D:6:      cheibriados_altar_1, kennysheep_little_box, st_stairs_3,
          minmay_ogre_servants
D:7:      overflow_temple_1_default, nicolae_ru_sacrificial_ziggurat,
          overflow_temple_1_default, nemelex_xobeh_ov_fountains_minmay,
          old_standard_altar, kennysheep_mini, minmay_misc_feat_columns,
          grunt_dithmenos_smoke
D:8:      kennysheep_big_empty_room, trog_three_pillars_becter, uniq_joseph
D:9:      minmay_st_funbox
D:11:     st_stairs_11, uniq_psyche, uniq_grum
D:12:     hangedman_parallel_progression, uniq_harold
D:13:     kennysheep_generic_room_16
D:14:     minivault_24, nicolae_volcano_entry_two_sided
D:15:     gammafunk_enter_depths_forms, orc_0_dummy, david_vaults_3,
          basic_altar, minmay_hedge_maze
Shoals:1: serial_shops, nicolae_shop_stone
Shoals:2: uniq_roxanne
Shoals:3: shoals_end_simple, shoals_ilsuiw_ice
Orc:2:    grunt_orc_gardens, grunt_orc_garden, grunt_orc_garden,
          grunt_orc_garden, grunt_orc_garden, elwin_shoals_entry_rocks,
          minmay_slime_entry_pillars, serial_shops, nicolae_shop_stone
Vaults:1: v_misc_5, ontoclasm_vaults_ring_large,
          nicolae_vaults_little_squares_3, nicolae_vaults_little_squares_3,
          vaults_room_door_ring, vaults_room_fours, v_misc_23,
          nicolae_vaults_little_squares_5
Vaults:2: v_misc_14, nicolae_vaults_branching_niches, v_misc_27, v_misc_14,
          nicolae_vaults_rhombus_6, ontoclasm_vaults_misaligned,
          vaults_mumra_minichess, vaults_room_boxed,
          nicolae_vaults_circle_grid_a, v_misc_23, serial_shops,
          nicolae_shop_behind_doors, shop_scrolls,
          nicolae_shop_temple_entry_statues_fountains, uniq_sojobo
Depths:1: portal_elf_entry_minmay_elf_crystal_hexagon, pan_blood_fountain_small,
          tso_altar, lightli_church_of_beogh
Depths:2: minmay_tri_stars, nicolae_pan_sigil_nadil, minmay_misc_feat_tiny,
          hangedman_abyss_or_decor_lesser_grid
Depths:3: grunt_twist_and_shout, pan_entry, uniq_frederick, uniq_mennas
Zot:2:    circus_mu
Zot:4:    lemuel_baited_zot_trap
Zot:5:    lemuel_flame_loot_1
Pan:      mnoleg, cerebov, lom_lobon_grunt, gloorx_vloq, evilmike_holy_pan
Ossuary:  ossuary_tomb_1
Volcano:  volcano_village

Table legend:
 A = Turns spent in this place as a percentage of turns spent in the entire game.
 B = Non-inter-level travel turns spent in this place as a percentage of non-inter-level travel turns spent in the entire game.
 C = Inter-level travel turns spent in this place as a percentage of turns spent in this place.
 D = Turns resting spent in this place as a percentage of non-inter-level travel turns spent in this place.
 E = Turns spent auto-exploring this place as a percentage of non-inter-level travel turns spent in this place.
 F = Non-inter-level travel turns spent in this place divided by the number of levels of this place that you've seen.
                   A       B       C       D       E      F
               +-------+-------+-------+-------+-------+----------------------
         Total | 100.0 | 100.0 |   0.1 |   1.9 |   4.3 | 541.6
       Dungeon |  23.1 |  23.1 |   0.3 |   1.0 |   8.2 | 391.6
        Shoals |   6.5 |   6.5 |   0.2 |   2.9 |   3.6 | 553.0
    Slime Pits |   7.4 |   7.4 |   0.1 |   3.0 |   1.8 | 468.0
  Orcish Mines |   3.8 |   3.8 |   0.3 |   1.2 |   2.2 | 485.0
        Vaults |  14.5 |  14.5 |   0.1 |   1.7 |   5.7 | 1227.0
        Depths |   6.6 |   6.6 |   0.2 |   1.1 |   5.4 | 562.7
          Hell |   2.2 |   2.2 |   0.0 |   0.4 |   0.0 | 550.0
       Cocytus |   2.1 |   2.1 |   0.0 |   0.0 |   0.0 | 131.0
           Zot |  10.3 |  10.3 |   0.2 |   3.0 |   4.3 | 524.8
   Pandemonium |  21.8 |  21.9 |   0.0 |   2.6 |   1.5 | 1114.0
       Ossuary |   1.1 |   1.1 |   0.0 |   0.0 |   2.8 | 285.0
       Volcano |   0.6 |   0.6 |   0.0 |   0.0 |   0.0 | 158.0
               +-------+-------+-------+-------+-------+----------------------

Table legend:
 A = Kills in this place as a percentage of kills in entire the game.
 B = Kills by you in this place as a percentage of kills by you in the entire game.
 C = Kills by friends in this place as a percentage of kills by friends in the entire game.
 D = Other kills in this place as a percentage of other kills in the entire game.
 E = Experience gained in this place as a percentage of experience gained in the entire game.
 F = Experience gained in this place divided by the number of levels of this place that you have seen.
                   A       B       C       D       E      F
               +-------+-------+-------+-------+-------+----------------------
         Total | 100.0 | 100.0 | 100.0 | 100.0 | 100.0 | 34153.0
       Dungeon |  24.1 |  24.2 |   0.0 |   0.0 |   4.9 | 5271.3
        Shoals |   7.0 |   7.0 |   0.0 |   0.0 |   4.4 | 23536.3
    Slime Pits |   8.1 |   8.1 |   0.0 |   0.0 |   7.3 | 29181.0
  Orcish Mines |   6.0 |   6.0 |   0.0 |   0.0 |   1.2 | 9234.5
        Vaults |  14.0 |  14.1 |   0.0 |   0.0 |  14.3 | 76478.0
        Depths |   8.5 |   8.4 |   0.0 |  50.0 |   9.1 | 48621.0
          Hell |   4.3 |   4.3 |   0.0 |  25.0 |   4.4 | 70688.0
       Cocytus |   2.6 |   2.4 |  80.0 |   0.0 |   2.4 | 9774.8
           Zot |  11.2 |  11.3 |   0.0 |   0.0 |  33.8 | 108388.8
   Pandemonium |  11.6 |  11.6 |  20.0 |  25.0 |  18.1 | 58149.2
       Ossuary |   2.2 |   2.2 |   0.0 |   0.0 |   0.0 | 387.0
       Volcano |   0.4 |   0.4 |   0.0 |   0.0 |   0.1 | 2158.0
               +-------+-------+-------+-------+-------+----------------------
